 Dungeon Sprint DCSS version 0.21.1-82-gafb53d1 (webtiles) character file.

687 Fang the Fighter (level 7, -7/78 HPs)
             Began as a Gargoyle Berserker on July 23, 2018.
             Was a High Priest of Trog.
             Mangled by a manticore (9 damage)
             ... in the Dungeon (Sprint VII: "The Pits") on Sept 14, 2018.
             The game lasted 00:01:45 (983 turns).

Fang the Fighter (Gargoyle Berserker)                Turns: 983, Time: 00:01:46

Health: -7/78      AC:  0    Str: 27    XL:     7   Next: 62%
Magic:  7/7        EV: 14    Int:  8    God:    Trog [*****.]
Gold:   0          SH:  0    Dex:  9    Spells: 6/6 levels left

rFire    . . .     SeeInvis .   m - +0 hand axe (chop)
rCold    . . .     Gourm    .   (no shield)
rNeg     + . .     Faith    .   b - +0 animal skin
rPois    ∞         Spirit   .   (no helmet)
rElec    +         Reflect  .   (no cloak)
rCorr    .         Harm     .   (no gloves)
MR       .....     NoTele   +   (no boots)
Stlth    ..........             (no amulet)
HPRegen  0.23/turn              (no ring)
MPRegen  0.10/turn              (no ring)

@: berserking, barbed spikes, corroded, starving, very quick
A: negative energy resistance 1, electricity resistance, unbreathing,
petrification resistance, rot immunity, AC +4
a: Berserk, Trog's Hand, Brothers in Arms, Burn Spellbooks, Renounce Religion


You were in the Dungeon.
You worshipped Trog.
Trog was extremely pleased with you.
You were starving.

You visited 1 branch

Inventory:

Hand Weapons
 j - a +2 hand axe
 m - a +0 hand axe of chopping (weapon)
Armour
 b - a +0 animal skin (worn)
Scrolls
 i - a scroll of blinking
 k - 3 scrolls of remove curse
 l - a scroll of summoning
Potions
 a - 2 potions of invisibility
 d - 6 potions of curing
 e - 6 potions of heal wounds
 f - a potion of haste
 g - 4 potions of magic
 h - 3 potions of berserk rage
Comestibles
 c - 9 rations


   Skills:
 + Level 10.2 Fighting
 + Level 10.1 Axes
 + Level 4.8 Armour
 + Level 6.2 Dodging
 + Level 1.4 Stealth


You had 6 spell levels left.
You didn't know any spells.

Dungeon Overview and Level Annotations

Branches:
Dungeon (1/1)

Altars:
Cheibriados
Dithmenos
Elyvilon
Fedhas
Gozag
Hepliaklqana
Makhleb
Nemelex Xobeh
Okawaru
Qazlal
Ru
Sif Muna
Trog
Vehumet
Wu Jian
Xom
Yredelemnul
Zin
The Shining One
Beogh
Jiyva
Lugonu


Innate Abilities, Weirdness & Mutations

You are resistant to torment.
Your stone body is resilient. (AC +4)
You are immune to poison.
You resist negative energy. (rN+)
You are resistant to electric shocks. (rElec)
You can survive without breathing.
You are immune to petrification.
You are immune to rotting.


Message History

Your Axes skill increases to level 10!
Your Dodging skill increases to level 6!
The barbs in your skin will harm you if you move.
Continue?
Okay, then.
The barbs in your skin will harm you if you move.
Continue?
The barbed spikes dig painfully into your body as you move.
The acid dragon completely misses you. The acid dragon misses you.
There is an open door, spattered with blood here.
You see here a porcupine corpse.
You are too injured to fight recklessly!
You hit the manticore.
The manticore is lightly wounded.
You slash the acid dragon! The acid dragon spits acid at you.
The splash of acid hits you!
* * * LOW HITPOINT WARNING * * *
The acid corrodes you!
You are splashed with acid!
The acid burns!
* * * LOW HITPOINT WARNING * * *
The manticore completely misses you. The manticore claws you!
You die...

#.#####'#####...<...#
#.#..[)))..##.......#
#.#..[).)..##.......#
#'###########.......#
#.......#.. #########
#..#.#..#.######
#.##.##.#.#....#
#..))...#(#....#
#.##.##.#.@H...+
#..#.#..#'#D...#
#.......÷.#....#
################


You could see a manticore and an acid dragon.

Vanquished Creatures
  A warg (D)
  A porcupine (D)
  A floating eye (D)
  A phantom (D)
  A black bear (D)
  A bullfrog (D)
  A jelly (D)
  An orc wizard (D)
  A hell rat (D)
  A worker ant (D)
  A river rat (D)
  An ooze (D)
  2 leopard geckos (D)
  3 orcs (D)
  A goblin (D)
  3 jackals (D)
  A quokka (D)
  2 bats (D)
  A jackal skeleton (D)
  2 rats (D)
27 creatures vanquished.

Notes
Turn   | Place    | Note
-------+----------+-------------------------------------------
     0 | D        | Fang the Gargoyle Berserker began the quest for the Orb.
     0 | D        | Reached XP level 1. HP: 14/14 MP: 1/1
     0 | D        | Upgraded the game from 0.21.1-1-g345015f to 0.21.1-82-gafb53d1
    35 | D        | Found a bloodstained altar of Trog.
    35 | D        | Found a deep blue altar of Sif Muna.
    35 | D        | Found a viscous altar of Jiyva.
    35 | D        | Found a hazy altar of Hepliaklqana.
    35 | D        | Found an opulent altar of Gozag.
    36 | D        | Found a glowing golden altar of the Shining One.
    36 | D        | Found a glowing silver altar of Zin.
    36 | D        | Found a basalt altar of Yredelemnul.
    36 | D        | Found a shimmering altar of Xom.
    36 | D        | Found an ornate altar of the Wu Jian Council.
    36 | D        | Found a sacrificial altar of Ru.
    36 | D        | Found a stormy altar of Qazlal.
    36 | D        | Found an iron altar of Okawaru.
    36 | D        | Found a sparkling altar of Nemelex Xobeh.
    36 | D        | Found a burning altar of Makhleb.
    36 | D        | Found a blossoming altar of Fedhas.
    36 | D        | Found a white marble altar of Elyvilon.
    36 | D        | Found a shadowy altar of Dithmenos.
    36 | D        | Found a snail-covered altar of Cheibriados.
    38 | D        | Found a radiant altar of Vehumet.
    38 | D        | Found a corrupted altar of Lugonu.
    38 | D        | Found a roughly hewn altar of Beogh.
    77 | D        | Noticed a floating eye
    80 | D        | Killed a floating eye
    80 | D        | Reached skill level 5 in Axes
    80 | D        | Reached XP level 2. HP: 23/23 MP: 2/2
    80 | D        | Reached XP level 3. HP: 28/28 MP: 3/3
    80 | D        | Reached XP level 4. HP: 32/32 MP: 4/4
    85 | D        | Reached ** piety under Trog
    98 | D        | Reached *** piety under Trog
   176 | D        | Reached XP level 5. HP: 18/38 MP: 5/5
   179 | D        | Reached **** piety under Trog
   494 | D        | Noticed a phantom
   517 | D        | Killed a phantom
   517 | D        | Reached XP level 6. HP: 35/45 MP: 6/6
   525 | D        | Reached ***** piety under Trog
   808 | D        | Noticed a black bear
   818 | D        | Killed a black bear
   818 | D        | Reached skill level 5 in Dodging
   876 | D        | Reached XP level 7. HP: 42/51 MP: 7/7
   929 | D        | Noticed a warg
   934 | D        | Killed a warg
   934 | D        | Reached skill level 1 in Stealth
   937 | D        | Received a gift from Trog
   978 | D        | Noticed a manticore
   981 | D        | Reached skill level 10 in Fighting
   981 | D        | Reached skill level 10 in Axes
   983 | D        | HP: 2/78 [acid (10)]
   983 | D        | Mangled by a manticore

Skill      XL: |  1  2  3  4  5  6  7 |
---------------+----------------------+-----
Fighting       | 6 7 8 9 10 | 10.2
Axes           | 5 6 8 9 10 | 10.1
Armour         | 3 4 |  4.8
Dodging        | 3 4 5 6 |  6.2
Stealth        | 1 |  1.4

Action                   |  1- 3 |  4- 6 |  7- 9 || total
-------------------------+-------+-------+-------++-------
Melee: Hand axe          |    13 |    83 |    12 ||   108
Invok: Berserk           |       |     2 |     2 ||     4
  Eat: Chunk             |       |     2 |       ||     2
Armor: Animal skin       |     8 |    27 |     2 ||    37
Dodge: Dodged            |    14 |    50 |     6 ||    70
